 Dungeon Crawl Stone Soup version 0.28.0 (webtiles) character file.

Game seed: 14919585411565829381

18 hikkokomori the Chopper (level 2, 0/27 HPs)
             Began as a Minotaur Monk on Feb 6, 2022.
             Slain by a kobold (1 damage)
             ... on level 1 of the Dungeon.
             The game lasted 00:00:40 (280 turns).

hikkokomori the Chopper (Minotaur Monk)              Turns: 280, Time: 00:00:41

Health: 0/27       AC:  5    Str: 15    XL:     2   Next: 48%
Magic:  1/1        EV: 11    Int:  7    God:
Gold:   33         SH:  0    Dex: 12    Spells: 1/1 levels left

rFire   . . .      SeeInvis .   a - +0 hand axe
rCold   . . .      Faith    .   (no shield)
rNeg    . . .      Spirit   .   c - +0 ring mail
rPois   .          Reflect  .   (helmet restricted)
rElec   .          Harm     .   (no cloak)
rCorr   .          Rampage  .   (no gloves)
Will    .....                   (no boots)
Stlth   +.........              (no amulet)
HPRegen 0.09/turn               (no ring)
MPRegen 0.07/turn               (no ring)

@: lethally poisoned (0 -> -10)
A: horns 2, retaliatory headbutt
a: no special abilities


You were on level 1 of the Dungeon.
You visited 1 branch of the dungeon, and saw 1 of its levels.

You collected 33 gold pieces.

Inventory:

Hand Weapons
 a - a +0 hand axe (weapon)
Armour
 b - a +0 robe
 c - a +0 ring mail (worn)
Scrolls
 d - a scroll of teleportation {unknown}


   Skills:
 + Level 3.9 Fighting
 + Level 3.9 Axes
 + Level 3.5 Dodging
 + Level 1.9 Stealth


You had one spell level left.
You didn't know any spells.
Your spell library was empty.

Dungeon Overview and Level Annotations

Branches:
Dungeon (1/15)

Altars:


Innate Abilities, Weirdness & Mutations

You have a pair of horns on your head.
You reflexively headbutt those who attack you in melee.


Message History

The kobold shouts!
The kobold hits you with a +2 dagger of venom.
You closely miss the kobold.
You headbutt the kobold, but do no damage.
The kobold hits you but does no damage.
You are poisoned.
You hit the kobold but do no damage. You closely miss the giant cockroach.
You feel sick.
The giant cockroach bites you but does no damage.
The kobold hits you with a +2 dagger of venom.
You are more poisoned.
You closely miss the kobold. You barely miss the giant cockroach.
You feel very sick.
The giant cockroach bites you but does no damage.
The kobold hits you with a +2 dagger of venom.
You are lethally poisoned!
Unknown command.
You are too injured to fight recklessly!
You are too injured to fight recklessly!
Unknown command.
You barely miss the kobold.
You headbutt the kobold, but do no damage.
You hit the giant cockroach.
* * * LOW HITPOINT WARNING * * *
You feel very sick.
The giant cockroach bites you but does no damage.
The kobold closely misses you. The giant cockroach barely misses you.
You hit the kobold. You headbutt the kobold.
You kill the kobold!
You hit the giant cockroach.
You kill the giant cockroach!
You closely miss the kobold.
* * * LOW HITPOINT WARNING * * *
You feel very sick. The kobold barely misses you.
You hit the kobold but do no damage. Your headbutt misses the kobold.
* * * LOW HITPOINT WARNING * * *
You feel very sick. The kobold hits you with a +0 whip.
You die...

... ####...#.##.#
...########....#...##.#
.....................#
#.........##....###..
#.........##.#.......
..#.........##.#.####..
#.(.........##.### #..
#.####..#..##.# #..
#....@.....##.# ##.
#....).K.......########
#.........##...........
#.........# ##..######.
#.........####.........
#......................
................#....†..
##....(....###..........
#.........†


You could see a kobold.

Vanquished Creatures
  An endoplasm (D:1)
  A giant cockroach (D:1)
  A goblin (D:1)
  4 hobgoblins (D:1)
  3 kobolds (D:1)
  2 quokkas (D:1)
  A frilled lizard (D:1)
  2 rats (D:1)
15 creatures vanquished.

Notes
Turn   | Place    | Note
-------+----------+-------------------------------------------
     0 | D:1      | hikkokomori the Minotaur Monk began the quest for the Orb.
     0 | D:1      | Reached XP level 1. HP: 19/19 MP: 0/0
   150 | D:1      | Reached XP level 2. HP: 23/27 MP: 1/1
   212 | D:1      | Found a faded altar of an unknown god.
   280 | D:1      | HP: 1/27 [poisoned by a kobold]
   280 | D:1      | Slain by a kobold

Illustrated notes

Levels and vault maps discovered:
D:1:      enne_arrival_octagon_isle, layout_rooms,
          chequers_ecumenical_altar_simple_redux

Action                   || total
-------------------------++-------
Melee: Hand axe          ||    24
       Headbutt          ||    10
 Stab: Sleeping          ||     1
Armor: Robe              ||     2
       Ring mail         ||     4
Dodge: Dodged            ||    19
